 Dungeon Crawl Stone Soup version 0.26-a0-50-gc4d14cd (webtiles) character file.

Game seed: 9171535418712088651

826 thirtiethelement the Skirmisher (level 7, -1/54 HPs)
             Began as a Gnoll Abyssal Knight on June 5, 2020.
             Was an Initiate of Okawaru.
             Slain by Sigmund
             ... wielding a +0 scythe
              (9 damage)
             ... on level 5 of the Dungeon.
             The game lasted 00:08:51 (5221 turns).

thirtiethelement the Skirmisher (GnAK)              Turns: 5221, Time: 00:08:52

Health: -1/54      AC:  7    Str: 16    XL:     7   Next: 96%
Magic:  11/11      EV: 13    Int: 15    God:    Okawaru [......]
Gold:   317        SH:  0    Dex: 14    Spells: 11/11 levels left

rFire    + . .     SeeInvis .   p - +0 war axe (elec)
rCold    . . .     Gourm    .   (no shield)
rNeg     . . .     Faith    .   f - +2 leather armour {rF+}
rPois    +         Spirit   .   (no helmet)
rElec    .         Reflect  .   m - +1 cloak
rCorr    .         Harm     .   (no gloves)
MR       .....                  (no boots)
Stlth    ++........             (no amulet)
HPRegen  0.18/turn              r - ring of poison resistance
MPRegen  0.12/turn              (no ring)

@: no status effects
A: distributed training, fangs 1, frail 1, mutation resistance 1, strong nose
a: Renounce Religion


You were on level 5 of the Dungeon.
You worshipped Okawaru.
Okawaru was noncommittal.
You were not hungry.

You visited 2 branches of the dungeon, and saw 6 of its levels.
You visited the Abyss 1 time.

You collected 317 gold pieces.

Inventory:

Hand Weapons
 a - a +1 hand axe
 p - a +0 war axe of electrocution (weapon)
Missiles
 e - 17 poisoned darts (quivered)
Armour
 b - a +0 leather armour
 f - a +2 leather armour of fire resistance (worn)
 m - a +1 cloak (worn)
Jewellery
 r - a ring of poison resistance (left hand)
Wands
 h - a wand of random effects (24)
 s - a wand of polymorph (7)
 u - a wand of flame (16)
Scrolls
 k - a scroll of teleportation
 l - 7 scrolls of remove curse
 q - a scroll of enchant armour
 t - 2 scrolls of identify
Potions
 d - a potion of curing
 g - 2 potions of berserk rage
 i - a potion of heal wounds
 j - a potion of haste {unknown}
 n - 2 potions of stabbing
 o - a potion of ambrosia {unknown}
Comestibles
 c - 6 rations


   Skills:
 + Level 7.1 Fighting
 + Level 2.7 Short Blades
 + Level 2.7 Long Blades
 + Level 5.4 Axes
 + Level 2.7 Maces & Flails
 + Level 2.7 Polearms
 + Level 2.7 Staves
 + Level 2.7 Slings
 + Level 2.7 Bows
 + Level 2.7 Crossbows
 + Level 2.7 Throwing
 + Level 5.4 Armour
 + Level 3.8 Dodging
 + Level 2.7 Stealth
 + Level 2.7 Shields
 + Level 2.7 Unarmed Combat
 + Level 2.7 Spellcasting
 + Level 2.2 Conjurations
 + Level 2.2 Hexes
 + Level 2.2 Charms
 + Level 2.2 Summonings
 + Level 2.2 Necromancy
 + Level 2.2 Translocations
 + Level 2.2 Transmutations
 + Level 2.2 Fire Magic
 + Level 2.2 Ice Magic
 + Level 2.2 Air Magic
 + Level 2.2 Earth Magic
 + Level 2.2 Poison Magic
 + Level 5.5 Invocations
 + Level 2.7 Evocations


You had 11 spell levels left.
You didn't know any spells.
Your spell library was empty.

Dungeon Overview and Level Annotations

Branches:
Dungeon (5/15)             Temple (1/1) D:4

Altars:
Dithmenos
Elyvilon
Fedhas
Gozag
Hepliaklqana
Kikubaaqudgha
Makhleb
Okawaru
Sif Muna
Uskayaw
Vehumet
Wu Jian
Xom
Yredelemnul
Zin
The Shining One

Annotations:
D:5 Sigmund


Innate Abilities, Weirdness & Mutations

Your experience applies equally to all skills.
You have very sharp teeth.
Your uncanny sense of smell can sniff out nearby items.
You are frail. (-10% HP)
You are somewhat resistant to further mutation.


Message History

You slash the hound! The hound bites you but does no damage.
The crimson imp misses you. The hound bites you.
You hear some strange, mumbled words.
A magic dart appears from out of thin air!
The magic dart hits you.
The crimson imp blinks!
You miss something. Your bite misses something. You closely miss the hound.
The hound bites you. Something hits you. The hound misses you.
You miss something. You barely miss the hound.
The hound bites you but does no damage.
You hit something. You closely miss the hound. The hound barely misses you.
Something hits you. The hound bites you.
You barely miss something. You hit the hound. The hound barely misses you.
Something hits you!
* * * LOW HITPOINT WARNING * * *
The hound bites you but does no damage.
You barely miss the crimson imp. You closely miss the hound.
You barely miss something. The hound closely misses you.
The crimson imp hits you but does no damage.
Something hits you!
You die...

# ##########.#.[..)..
#. ...............).##
#.#########.#......###
#...........#......#..
#.$..............<...#
#........[..#.#..#.#.#
#...........#.#....#.#
##..h.......#.#.####.#
#...@5.....#.#......#
#...{.......#...######
#.?.........###.# #
#...........# #.######
#...........#
#.#.รท...
#...........# #.#.####
#.########### #...# #.
#####


You could see a hound and a crimson imp.

Vanquished Creatures
  Grinder (D:4)
  A phantom (D:4)
  2 ogres
  A howler monkey (D:2)
  A centaur zombie (D:4)
  An orc priest (D:4)
  A bullfrog skeleton (D:4)
  An iguana (D:4)
  An orc wizard (D:5)
  A worker ant (D:5)
  2 hound zombies
  A gnoll (D:1)
  4 adders
  A worm (D:2)
  A dart slug (D:4)
  2 leopard geckos
  5 orcs
  7 giant cockroaches
  12 hobgoblins
  8 jackals
  9 kobolds
  3 quokkas
  7 bats
  6 frilled lizards
  A giant cockroach zombie (D:4)
  4 goblins
  A jackal zombie (D:4)
  10 rats
95 creatures vanquished.

Notes
Turn   | Place    | Note
-------+----------+-------------------------------------------
     0 | Abyss:1  | thirtiethelement the Gnoll Abyssal Knight began the quest
                  | for the Orb.
     0 | Abyss:1  | Reached XP level 1. HP: 23/23 MP: 3/3
    54 | Abyss:1  | Noticed a small abomination
    56 | D:1      | Escaped the Abyss
   400 | D:1      | Reached * piety under Lugonu
   401 | D:1      | Reached XP level 2. HP: 29/29 MP: 5/5
   833 | D:1      | Reached XP level 3. HP: 31/35 MP: 6/6
  1639 | D:2      | Reached ** piety under Lugonu
  1646 | D:2      | Reached skill level 1 in Short Blades
  1646 | D:2      | Reached skill level 1 in Long Blades
  1646 | D:2      | Reached skill level 1 in Maces & Flails
  1646 | D:2      | Reached skill level 1 in Polearms
  1646 | D:2      | Reached skill level 1 in Staves
  1646 | D:2      | Reached skill level 1 in Slings
  1646 | D:2      | Reached skill level 1 in Bows
  1646 | D:2      | Reached skill level 1 in Crossbows
  1646 | D:2      | Reached skill level 1 in Throwing
  1646 | D:2      | Reached skill level 1 in Stealth
  1646 | D:2      | Reached skill level 1 in Shields
  1646 | D:2      | Reached skill level 1 in Unarmed Combat
  1646 | D:2      | Reached skill level 1 in Spellcasting
  1646 | D:2      | Reached skill level 1 in Evocations
  1646 | D:2      | Reached XP level 4. HP: 41/41 MP: 7/7
  1900 | D:2      | Found a blossoming altar of Fedhas.
  1927 | D:2      | Found a faded altar of an unknown god.
  1932 | D:2      | Reached skill level 1 in Conjurations
  1932 | D:2      | Reached skill level 1 in Hexes
  1932 | D:2      | Reached skill level 1 in Charms
  1932 | D:2      | Reached skill level 1 in Summonings
  1932 | D:2      | Reached skill level 1 in Necromancy
  1932 | D:2      | Reached skill level 1 in Translocations
  1932 | D:2      | Reached skill level 1 in Transmutations
  1932 | D:2      | Reached skill level 1 in Fire Magic
  1932 | D:2      | Reached skill level 1 in Ice Magic
  1932 | D:2      | Reached skill level 1 in Air Magic
  1932 | D:2      | Reached skill level 1 in Earth Magic
  1932 | D:2      | Reached skill level 1 in Poison Magic
  2167 | D:2      | Found a white marble altar of Elyvilon.
  2347 | D:2      | Reached XP level 5. HP: 39/47 MP: 8/8
  3205 | D:3      | Found a shimmering altar of Xom.
  3391 | D:4      | Found a transporter.
  3408 | D:4      | Found a transporter.
  3409 | D:4      | Noticed Grinder
  3421 | D:4      | Killed Grinder
  3421 | D:4      | Reached skill level 5 in Axes
  3421 | D:4      | Reached skill level 5 in Armour
  3421 | D:4      | Reached skill level 5 in Invocations
  3421 | D:4      | Reached XP level 6. HP: 43/53 MP: 9/9
  3629 | D:4      | Found a staircase to the Ecumenical Temple.
  3643 | Temple   | Entered the Ecumenical Temple
  3910 | Temple   | Fell from the grace of Lugonu
  3910 | Temple   | Became a worshipper of Warmaster Okawaru
  3995 | D:4      | Reached XP level 7. HP: 43/59 MP: 10/10
  4255 | D:4      | Reached skill level 7 in Fighting
  4550 | D:4      | Found a burning altar of Makhleb.
  4880 | D:5      | Entered Level 5 of the Dungeon
  4990 | D:5      | Gained mutation: You are frail. (-10% HP) [potion of
                  | mutation]
  4990 | D:5      | Gained mutation: You are somewhat resistant to further
                  | mutation. [potion of mutation]
  5204 | D:5      | Noticed Sigmund
  5221 | D:5      | Slain by Sigmund

Illustrated notes

Levels and vault maps discovered:
D:1:      giann_wishing_wells, layout_basic, serial_forest,
          infiniplex_forest_straight_1, infiniplex_forest_clump_small,
          infiniplex_forest_lined_corner, infiniplex_forest_lined_3,
          infiniplex_forest_straight_3, serial_bayou_lake_a
D:2:      layout_basic, overflow_temple_1_default, fedhas_altar_2,
          chequers_ecumenical_altar_simple, first_ration,
          minmay_misc_feat_hallway
D:3:      layout_loops_cross, xom_teletrap_fun, chequers_serial_rivers_room_a
D:4:      gammafunk_wand_slinger, layout_basic, kennysheep_little_box,
          minmay_temple_entry_proselytizer, serial_undead, serial_undead_e,
          serial_undead_b, serial_undead_b, serial_undead_c, serial_undead_c,
          serial_undead_d, uniq_grinder
D:5:      layout_basic, uniq_sigmund
Temple:   nicolae_temple_hex_pool

Skill      XL: |  1  2  3  4  5  6  7 |
---------------+----------------------+-----
Short Blades   | 1 2 |  2.7
Long Blades    | 1 2 |  2.7
Maces & Flails | 1 2 |  2.7
Polearms       | 1 2 |  2.7
Staves         | 1 2 |  2.7
Slings         | 1 2 |  2.7
Bows           | 1 2 |  2.7
Crossbows      | 1 2 |  2.7
Throwing       | 1 2 |  2.7
Stealth        | 1 2 |  2.7
Shields        | 1 2 |  2.7
Unarmed Combat | 1 2 |  2.7
Spellcasting   | 1 2 |  2.7
Evocations     | 1 2 |  2.7
Conjurations   | 1 2 |  2.2
Hexes          | 1 2 |  2.2
Charms         | 1 2 |  2.2
Summonings     | 1 2 |  2.2
Necromancy     | 1 2 |  2.2
Translocations | 1 2 |  2.2
Transmutations | 1 2 |  2.2
Fire Magic     | 1 2 |  2.2
Ice Magic      | 1 2 |  2.2
Air Magic      | 1 2 |  2.2
Earth Magic    | 1 2 |  2.2
Poison Magic   | 1 2 |  2.2
Axes           | 5 |  5.4
Armour         | 5 |  5.4
Dodging        | 3 |  3.8
Invocations    | 5 |  5.5
Fighting       | 7 |  7.1

Action                   |  1- 3 |  4- 6 |  7- 9 || total
-------------------------+-------+-------+-------++-------
Melee: Hand axe          |   121 |    78 |       ||   199
       Bite              |    12 |     5 |     5 ||    22
       Punch             |       |     1 |     2 ||     3
       War axe           |       |    44 |    59 ||   103
Throw: Dart              |       |     2 |     4 ||     6
Invok: Depart the Abyss  |     1 |       |       ||     1
  Use: Scroll            |     3 |    11 |       ||    14
       Potion            |       |       |     1 ||     1
 Stab: Distracted        |     2 |     1 |       ||     3
       Sleeping          |     2 |     4 |     1 ||     7
  Eat: Chunk             |     2 |     6 |       ||     8
       Ration            |       |     1 |     1 ||     2
Armor: Leather armour    |    38 |    30 |    22 ||    90
Dodge: Dodged            |   100 |    79 |    43 ||   222

Table legend:
 A = Non-vault XP
 B = Vault XP
 C = Vault XP percentage of total XP
 D = Non-vault monster count
 E = Vault monster count
 F = Vault count percentage of total count
                 A         B        C        D         E       F
            +---------+---------+-------+---------+---------+-------
      Total |     749 |     432 |  36.6 |      88 |       7 |   7.4
            +---------+---------+-------+---------+---------+-------
        D:1 |      64 |       0 |   0.0 |      32 |       0 |   0.0
        D:2 |     134 |       0 |   0.0 |      25 |       0 |   0.0
        D:3 |      28 |       0 |   0.0 |      14 |       0 |   0.0
        D:4 |     301 |     432 |  58.9 |       7 |       7 |  50.0
        D:5 |     222 |       0 |   0.0 |      10 |       0 |   0.0
            +---------+---------+-------+---------+---------+-------
